 Dungeon Crawl Stone Soup version 0.30-a0-358-g0d69a1922f (webtiles) character file.

Game seed: 13166600682356580081

3415 p00ps00p the Cleaver (level 10, -6/91 HPs)
             Began as a Hill Orc Fighter on Nov 9, 2022.
             Mangled by an orc warrior
             ... wielding a +0 trident
              (8 damage)
             ... on level 8 of the Dungeon on Nov 10, 2022.
             The game lasted 00:14:21 (9974 turns).

p00ps00p the Cleaver (Hill Orc Fighter)             Turns: 9974, Time: 00:14:22

Health: -6/91      AC: 11    Str: 24    XL:     10   Next: 5%
Magic:  10/10      EV:  9    Int:  8    God:
Gold:   451        SH: 12    Dex: 10    Spells: 9/9 levels left

rFire   + . .      SeeInvis .    a - +3 war axe
rCold   . . .      Faith    .    c - +2 buckler
rNeg    . . .      Spirit   .    B - +3 scale mail {Will+}
rPois   .          Reflect  +    (no helmet)
rElec   .          Harm     .    l - scarf {repulsion}
rCorr   .          Rampage  .    (no gloves)
Will    +....                    (no boots)
Stlth   ..........               n - amulet of reflection
HPRegen 0.35/turn                z - ring of protection from fire
MPRegen 0.12/turn                (no ring)

@: on berserk cooldown, slowed, studying Axes, repel missiles, very slow
A: no striking features
a: no special abilities


You were on level 8 of the Dungeon.
You visited 1 branch of the dungeon, and saw 8 of its levels.

You collected 451 gold pieces.

Inventory:

Hand Weapons
 a - a +3 war axe (weapon)
 j - a +2 whip of holy wrath
Missiles
 m - 23 poisoned darts (quivered)
 s - 2 throwing nets
 w - 5 javelins
Armour
 b - a +0 scale mail
 c - a +2 buckler (worn)
 l - a scarf of repulsion (worn)
 p - a +0 plate armour
 y - a +2 cloak
 B - a +3 scale mail of willpower (worn)
Jewellery
 n - an amulet of reflection (around neck)
 t - a ring of fire
 z - a ring of protection from fire (left hand)
Wands
 u - a wand of roots (6)
Scrolls
 e - 2 scrolls of teleportation
 r - a scroll of noise
 A - 2 scrolls of blinking
Potions
 d - 4 potions of curing {unknown}
 g - a potion of lignification
 h - a potion of invisibility
 k - a potion of degeneration
 o - 2 potions of haste
 q - 2 potions of brilliance {unknown}
 x - a potion of ambrosia {unknown}
 C - 2 potions of mutation {unknown}


   Skills:
 + Level 9.2 Fighting
 + Level 10.2 Axes
 + Level 8.3 Armour
 + Level 8.3 Shields


You had 9 spell levels left.
You didn't know any spells.
Your spell library contained the following spells:

 Spells                   Type           Power      Damage    Failure   Level
 Necrotise                Necr           0%         1d4       75%         1
 Ozocubu's Armour         Ice            0%         N/A       98%         3
 Portal Projectile        Hex/Tloc       0%         N/A       98%         3
 Tukima's Dance           Hex            0%         N/A       98%         3
 Vampiric Draining        Necr           0%         2d6       98%         3
 Agony                    Necr           0%         N/A       100%        5
 Blade Hands              Tmut           0%         N/A       100%        5
 Ozocubu's Refrigeration  Ice            0%         4d7       100%        7


Dungeon Overview and Level Annotations

Branches:
Dungeon (8/15)
 Temple: D:4-7         Lair: D:8-11

Altars:
Cheibriados
Okawaru
Qazlal
Ru
Sif Muna
Vehumet
Xom

Annotations:
D:4 2 transporters, 3 runed translucent doors, pigah's ghost, amateur OpWn


Message History

You closely miss the tengu warrior.
The tengu warrior is severely wounded.
You barely miss the tengu warrior.
The tengu warrior is severely wounded.
You block the orc warrior's attack. You block the tengu warrior's attack.
The tengu warrior pecks you.
* * * LOW HITPOINT WARNING * * *
You block the tengu warrior's attack.
You slash the tengu warrior!
The tengu warrior is almost dead.
The tengu warrior is no longer covered in acid.
You block the orc warrior's attack.
The tengu warrior hits you with a +0 war axe.
* * * LOW HITPOINT WARNING * * *
The tengu warrior pecks you but does no damage.
The tengu warrior claws you but does no damage.
Unknown command.
You slice the tengu warrior!!
You kill the tengu warrior!
You block the orc warrior's attack.
Your Fighting skill increases to level 9!
Your Axes skill increases to level 10!
You have reached level 10!
You feel stronger.
You are too berserk!
You are too berserk!
You hit the orc warrior.
The orc warrior is lightly wounded.
You block the orc warrior's attack.
You closely miss the orc warrior.
The orc warrior is lightly wounded.
You hit the orc warrior.
The orc warrior is moderately wounded.
You are no longer berserk.
You are exhausted.
You feel yourself slow down. You block the orc warrior's attack.
You barely miss the orc warrior.
The orc warrior is moderately wounded.
The orc warrior hits you with a +0 trident!
You die...

.. #.## #..##### ##
### ##..#... #.Q ..##
####....... .###..#
###^......... #?#8)#
#............ #?##'##
#............
#.@8###............
#.o.)..............
#[##'######..........
#:#8.# #..........
.###..# ##.........
#.. ..## ##........
## ### ......... ###
#


You could see an orc warrior.

Vanquished Creatures
  A tengu warrior (D:8)
  A hornet (D:8)
  Sigmund (D:3)
  Duvessa (D:5)
  2 water moccasins (D:6)
  An acid dragon (D:8)
  2 orc warriors
  2 ice beasts (D:6)
  An ogre (D:4)
  2 centaurs
  A phantom (D:4)
  2 gnoll sergeants
  4 bullfrogs
  3 necrophages
  A scorpion (D:4)
  Dowan (D:5)
  A howler monkey (D:8)
  2 jellies
  3 hounds
  A gnoll bouda (D:8)
  3 orc priests
  5 iguanas
  3 orc wizards
  12 gnolls
  10 adders
  2 white imps
  An ufetubus (D:6)
  A worm (D:5)
  3 dart slugs
  18 orcs
  11 endoplasms
  2 giant cockroaches
  6 goblins
  10 hobgoblins
  6 jackals (D:4)
  4 quokkas
  9 ball pythons
  2 frilled lizards
  12 kobolds
  3 rats
156 creatures vanquished.

Notes
Turn   | Place    | Note
-------+----------+-------------------------------------------
     0 | D:1      | p00ps00p the Hill Orc Fighter began the quest for the Orb.
     0 | D:1      | Reached XP level 1. HP: 19/19 MP: 1/1
    49 | D:1      | Reached XP level 2. HP: 25/27 MP: 2/2
   100 | D:1      | Reached skill level 3 in Axes
   729 | D:2      | Reached XP level 3. HP: 33/33 MP: 3/3
  1205 | D:2      | Reached XP level 4. HP: 40/40 MP: 4/4
  1587 | D:3      | Found a large runed translucent door.
  1587 | D:3      | Found a large runed translucent door.
  1695 | D:3      | Noticed Sigmund
  1702 | D:3      | Killed Sigmund
  1703 | D:3      | Reached skill level 5 in Fighting
  1703 | D:3      | Reached skill level 4 in Axes
  1703 | D:3      | Reached XP level 5. HP: 47/48 MP: 5/5
  1703 | D:3      | Reached XP level 6. HP: 55/56 MP: 6/6
  1981 | D:3      | Found a shimmering altar of Xom.
  2146 | D:3      | Reached skill level 5 in Axes
  2235 | D:3      | Found a faded altar of an unknown god.
  2431 | D:4      | Found a transporter.
  2442 | D:4      | Noticed a black bear
  2444 | D:4      | Reached skill level 5 in Shields
  2449 | D:4      | HP: 2/56 [orc wizard/puff of flame (7)]
  2451 | D:4      | Reached skill level 5 in Armour
  2451 | D:4      | Reached XP level 7. HP: 2/61 MP: 7/7
  2874 | D:4      | Found a runed translucent gate.
  2874 | D:4      | Found a runed translucent gate.
  3359 | D:4      | Found a runed translucent gate.
  3365 | D:4      | Noticed pigah's ghost (amateur OpWn)
  3396 | D:4      | Found a radiant altar of Vehumet.
  3795 | D:4      | Found a shimmering blue altar of Sif Muna.
  3858 | D:4      | Reached skill level 6 in Axes
  4063 | D:4      | Found an iron altar of Okawaru.
  4093 | D:4      | Found a stormy altar of Qazlal.
  4093 | D:4      | Found a transporter.
  4325 | D:5      | Entered Level 5 of the Dungeon
  4879 | D:5      | Reached XP level 8. HP: 29/71 MP: 8/8
  6185 | D:5      | Noticed Duvessa
  6185 | D:5      | Noticed Dowan
  6201 | D:5      | Killed Dowan
  6210 | D:5      | Killed Duvessa
  7004 | D:6      | Reached skill level 7 in Axes
  7664 | D:6      | You fall into a shaft and drop 1 floor!
  7808 | D:7      | Reached XP level 9. HP: 42/80 MP: 9/9
  8112 | D:6      | Reached skill level 8 in Axes
  8455 | D:6      | Found a snail-covered altar of Cheibriados.
  9666 | D:8      | Found a sacrificial altar of Ru.
  9732 | D:8      | Noticed a hornet
  9739 | D:8      | Paralysed by a hornet for 3 turns
  9743 | D:8      | Killed a hornet
  9744 | D:8      | Reached skill level 9 in Axes
  9948 | D:8      | Noticed a tengu warrior
  9967 | D:8      | HP: 3/123 [tengu warrior/+0 war axe (5)]
  9968 | D:8      | HP: 1/123 [tengu warrior/+0 war axe (2)]
  9969 | D:8      | Killed a tengu warrior
  9970 | D:8      | Reached skill level 10 in Axes
  9970 | D:8      | Reached XP level 10. HP: 1/91 MP: 10/10
  9974 | D:8      | Mangled by an orc warrior

Illustrated notes

Levels and vault maps discovered:
D:1:      wander_arrival_desolate, layout_loops_ring
D:2:      layout_basic, minivault_11, minmay_3d_cube
D:3:      due_chaos_kobolds, layout_rooms, shapermc_ecumenical_altar_hornbeckon,
          minmay_misc_feat_alley, chequers_serial_rivers_room_b, uniq_sigmund
D:4:      layout_loops_ring, mainiacjoe_overflow_alcove_2,
          gammafunk_temple_overflow_arena, kennysheep_little_box,
          gammafunk_ghost_split, guppyfry_early_orc_mine
D:5:      layout_loops_ring, uniq_duvessa
D:6:      layout_basic, mainiacjoe_overflow_chevrons
D:7:      minmay_skewed_foursquare, layout_gridville,
          minmay_temple_entry_enclosed_plants, grunt_decor_one_mirror,
          kennysheep_generic_room_16
D:8:      minmay_chambers_of_sixes, layout_cave_pods,
          nicolae_overflow_crystal_walls, enter_bailey_2, minmay_manual_mess

Skill      XL: |  1  2  3  4  5  6  7  8  9 |
---------------+----------------------------+-----
Axes           | 3 4 5 6 7 10 | 10.2
Fighting       | 4 5 6 7 9 |  9.2
Shields        | 4 5 7 8 |  8.3
Armour         | 4 5 6 8 |  8.3

Action                   |  1- 3 |  4- 6 |  7- 9 | 10-12 || total
-------------------------+-------+-------+-------+-------++-------
Melee: War axe           |    93 |    68 |   303 |     4 ||   468
Throw: Dart              |       |       |    16 |       ||    16
  Use: Scroll            |     6 |       |    19 |       ||    25
       Potion            |       |     2 |     1 |       ||     3
Armor: Scale mail        |    47 |     2 |    24 |       ||    73
       Plate armour      |       |    41 |   132 |       ||   173
Dodge: Dodged            |    52 |    27 |    89 |       ||   168
       Repelled          |       |       |     3 |       ||     3
Block: Buckler           |    23 |    15 |   166 |     2 ||   206
       Reflection        |       |       |     9 |       ||     9

Table legend: (Time is in decaauts)
 A = Elapsed time spent in this place.
 B = Non-inter-level travel time spent in this place.
 C = Inter-level travel time spent in this place.
 D = Time resting spent in this place.
 E = Time spent auto-exploring this place.
 F = Levels seen in this place.
 G = Mean time per level.
                   A        B        C        D        E       F      G
               +--------+--------+--------+--------+--------+-----+--------+
         Total |  10091 |   9838 |    253 |   4055 |   4186 |   8 | 1261.4 |
       Dungeon |  10091 |   9838 |    253 |   4055 |   4186 |   8 | 1261.4 |
               +--------+--------+--------+--------+--------+-----+--------+

Top non-repeatable levels by time:
     D:4: 2877 daAuts
     D:6: 1911 daAuts
     D:5: 1327 daAuts
     D:3: 1250 daAuts
     D:2: 886 daAuts
     D:1: 710 daAuts
     D:7: 652 daAuts
     D:8: 474 daAuts
